 Dungeon Crawl Stone Soup version 0.24-a0-378-g94936e539c (webtiles) character file.

Game seed: 14132957359976067435

45 Mithandil the Skirmisher (level 3, -1/33 HPs)
             Began as a Hill Orc Fighter on June 2, 2019.
             Slain by an adder (2 damage)
             ... on level 2 of the Dungeon.
             The game lasted 00:05:02 (706 turns).

Mithandil the Skirmisher (Hill Orc Fighter)          Turns: 706, Time: 00:05:02

Health: -1/33      AC:  6    Str: 19    XL:     3   Next: 64%
Magic:  3/3        EV:  7    Int:  8    God:
Gold:   36         SH:  9    Dex: 10    Spells: 2/2 levels left

rFire    . . .     SeeInvis .   a - +0 war axe
rCold    . . .     Gourm    .   c - +0 shield
rNeg     . . .     Faith    .   e - +0 scale mail
rPois    .         Spirit   .   (no helmet)
rElec    .         Reflect  .   (no cloak)
rCorr    .         Harm     .   (no gloves)
MR       .....                  (no boots)
Stlth    ..........             (no amulet)
HPRegen  0.11/turn              (no ring)
MPRegen  0.08/turn              (no ring)

@: lethally poisoned (-1 -> -8)
A: no striking features
a: no special abilities


You were on level 2 of the Dungeon.
You were not hungry.

You visited 1 branch of the dungeon, and saw 3 of its levels.

You collected 36 gold pieces.

Inventory:

Hand Weapons
 a - a +0 war axe (weapon)
 b - a +0 halberd
Armour
 c - a +0 shield (worn)
 e - a +0 scale mail (worn)
Potions
 d - a potion of might
 g - a potion of resistance {unknown}
Comestibles
 f - 3 rations
 h - 11 chunks of flesh


   Skills:
 + Level 4.0 Fighting
 * Level 3.7 Axes
 + Level 0.1(1.8) Polearms
 + Level 3.5 Armour
 * Level 3.9 Shields


You had 2 spell levels left.
You didn't know any spells.
Your spell library was empty.

Dungeon Overview and Level Annotations

Branches:
Dungeon (3/15)

Altars:


Message History

* * * LOW HITPOINT WARNING * * *
You are lethally poisoned!
The adder poisons you!
The worker ant zombie bites you but does no damage.
The adder bites you but does no damage.
You climb upwards.
* * * LOW HITPOINT WARNING * * *
You feel sick.
There is a stone staircase leading down here.
You barely miss the adder.
* * * LOW HITPOINT WARNING * * *
You feel sick. You block the adder's attack.
You miss the adder.
* * * LOW HITPOINT WARNING * * *
You feel sick. The adder bites you but does no damage. The adder bites you.
* * * LOW HITPOINT WARNING * * *
You miss the adder.
* * * LOW HITPOINT WARNING * * *
You feel sick. You block the adder's attack. The adder bites you.
You die...

....##
....#
...####
#.....#
#.....#
#.....#
#.....#
###...S.#
#....<@.#
#.#.....#
..
#.....#
..#
#......#
.
#.######
#.. ...#
.##


You could see an adder.

Vanquished Creatures
  3 gnolls (D:2)
  3 dart slugs (D:1)
  3 goblins
  2 hobgoblins (D:3)
  2 rats
13 creatures vanquished.

Notes
Turn   | Place    | Note
-------+----------+-------------------------------------------
     0 | D:1      | Mithandil the Hill Orc Fighter began the quest for the Orb.
     0 | D:1      | Reached XP level 1. HP: 19/19 MP: 1/1
    83 | D:2      | Reached XP level 2. HP: 16/27 MP: 2/2
    86 | D:2      | Reached XP level 3. HP: 14/33 MP: 3/3
   379 | D:2      | Reached skill level 4 in Fighting
   706 | D:2      | HP: 1/33 [poisoned by an adder]
   706 | D:2      | Slain by an adder

Levels and vault maps discovered:
D:1:      lightli_arrival_windingriver, layout_basic, grunt_decor_resistance,
          minmay_pentomino_s2
D:2:      layout_rooms, lemuel_coloured_pillars_altar, zin_purify,
          grunt_decor_mini_mirrors
D:3:      layout_rooms, ashenzari_conservatory_becter, serial_glass,
          glass_columns_a, glass_columns_a, gup_sewer_entry_spiral

Skill      XL: |  1  2  3 |
---------------+----------+-----
Axes           | 3 |  3.7
Fighting       | 4 |  4.0
Polearms       | |  0.1
Armour         | |  3.5
Shields        | |  3.9

Action                   || total
-------------------------++-------
Melee: War axe           ||    30
Armor: Scale mail        ||    12
Dodge: Dodged            ||     8
Block: Shield            ||    16

Table legend:
 A = Non-vault XP
 B = Vault XP
 C = Vault XP percentage of total XP
 D = Non-vault monster count
 E = Vault monster count
 F = Vault count percentage of total count
                 A         B        C        D         E       F
            +---------+---------+-------+---------+---------+-------
      Total |      65 |       0 |   0.0 |      13 |       0 |   0.0
            +---------+---------+-------+---------+---------+-------
        D:1 |      12 |       0 |   0.0 |       3 |       0 |   0.0
        D:2 |      45 |       0 |   0.0 |       5 |       0 |   0.0
        D:3 |       8 |       0 |   0.0 |       5 |       0 |   0.0
            +---------+---------+-------+---------+---------+-------
